 Dungeon Crawl Stone Soup version 0.28.0-43-g3370ac3207 (webtiles) character file.

Game seed: 9601923815703115139

43209 Cykl0x the Geomancer (level 14, -3/88 HPs)
             Began as a Gargoyle Earth Elementalist on Mar 23, 2022.
             Was an Elder of Vehumet.
             Slain by an anaconda simulacrum (9 damage)
             ... in an ice cave.
             The game lasted 00:37:54 (17169 turns).

Cykl0x the Geomancer (Gargoyle Earth Elementalist) Turns: 17169, Time: 00:37:56

Health: -3/88      AC: 22    Str: 26    XL:     14   Next: 23%
Magic:  17/38      EV:  6    Int: 27    God:    Vehumet [****..]
Gold:   481        SH: 19    Dex: 10    Spells: 5/36 levels left

rFire   . . .      SeeInvis .   d - staff of conjuration
rCold   + + .      Faith    .   O - +5 kite shield of Hysteria {rF+ Str+6}
rNeg    + . .      Spirit   .   X - +0 ice dragon scales
rPois   ∞          Reflect  +   i - +1 hat
rElec   +          Harm     .   (no cloak)
rCorr   +          Rampage  .   (no gloves)
Will    +....                   (no boots)
Stlth   ..........              v - amulet of reflection
HPRegen 0.24/turn               k - +6 ring of intelligence
MPRegen 0.26/turn               L - ring "Otebudi" {rCorr MP+9 Str+6 Int+2 Slay+3}

@: flying, constricted, studying Slings
A: sickness immunity, AC +10, big wings, negative energy resistance 1,
electricity resistance, torment resistance 1, petrification resistance
a: Renounce Religion


You were in an ice cave.
You worshipped Vehumet.
Vehumet was greatly pleased with you.
You visited 2 branches of the dungeon, and saw 16 of its levels.
You also visited: Ice Cave.

You collected 871 gold pieces.
You spent 390 gold pieces at shops.

Inventory:

Hand Weapons
 a - a +0 club
 f - a +1 whip of protection
Missiles
 x - a throwing net
 Y - 6 stones
Armour
 b - a +0 robe
 e - a +0 ring mail
 h - a +0 kite shield
 i - a +1 hat (worn)
 l - a +1 troll leather armour
 J - the +0 kite shield of the Sky {Fly}
   (You took it off a gnoll sergeant on level 5 of the Dungeon)

   Fly:       It grants you flight.
 O - the +5 kite shield of Hysteria (worn) {rF+ Str+6}
   (You found it on level 8 of the Dungeon)

   Str:       It affects your strength (+6).
   rF:        It protects you from fire.
 X - +0 ice dragon scales (worn)
Magical Staves
 d - a staff of conjuration (weapon)
Jewellery
 j - a ring of ice
 k - a +6 ring of intelligence (left hand)
 p - a ring of ice
 s - a ring of protection from cold
 v - an amulet of reflection (around neck)
 w - a ring of resist corrosion
 C - an amulet of guardian spirit
 L - the ring "Otebudi" (right hand) {rCorr MP+9 Str+6 Int+2 Slay+3}
   (You took it off a gnoll on level 5 of the Dungeon)

   [ring of strength]

   Str:       It affects your strength (+6).
   Int:       It affects your intelligence (+2).
   Slay:      It affects your accuracy & damage with ranged weapons and melee
   (+3).
   MP:        It affects your magic capacity (+9).
   rCorr:     It protects you from acid and corrosion.
 T - a ring of willpower
 U - a ring of ice
Wands
 r - a wand of digging (16)
 A - a wand of flame (43)
 I - a wand of charming (15)
 K - a wand of paralysis (4)
 Q - a wand of iceblast (7)
 S - a wand of polymorph (5)
Scrolls
 c - a scroll of brand weapon
 n - 4 scrolls of teleportation
 q - 4 scrolls of fog
 y - a scroll of magic mapping
 z - a scroll of enchant armour
 E - 6 scrolls of identify
 G - a scroll of immolation
 H - a scroll of amnesia
 M - a scroll of blinking
 N - 3 scrolls of fear
 R - 2 scrolls of enchant weapon
Potions
 g - 2 potions of berserk rage
 m - 4 potions of curing
 o - 4 potions of haste
 t - 2 potions of lignification
 u - 3 potions of resistance
 B - 3 potions of brilliance
 D - 2 potions of invisibility
 F - 2 potions of flight
 P - 2 potions of cancellation
 V - 4 potions of heal wounds
 W - a potion of mutation


   Skills:
 * Level 10.2 Fighting
 + Level 0.7(1.8) Maces & Flails
 + Level 2.6(2.7) Staves
 + Level 4.0 Armour
 + Level 4.3 Dodging
 - Level 2.1 Stealth
 + Level 6.4 Shields
 + Level 11.5 Spellcasting
 * Level 11.9 Conjurations
 - Level 0.7 Transmutations
 + Level 14.0 Earth Magic
 + Level 5.3 Evocations


You had 5 spell levels left.
You knew the following spells:

 Your Spells              Type           Power      Damage    Failure   Level
a - Sandblast             Erth           100%       2d20      1%          1
b - Stone Arrow           Conj/Erth      100%       3d13      1%          3
c - Iron Shot             Conj/Erth      45%        9d9       5%          6
d - Orb of Destruction    Conj           44%        9d12      36%         7
e - Lehudib's Crystal Sp  Conj/Erth      45%        10d11     87%         8
f - Fulminant Prism       Conj/Hex       32%        3d16      6%          4
g - Searing Ray           Conj           100%       2d8       1%          2

Your spell library contained the following spells:

 Spells                   Type           Power      Damage    Failure   Level
 Lightning Bolt           Conj/Air       32%        1d49      16%         5
 Passwall                 Tmut/Erth      44%        N/A       1%          2
 Conjure Flame            Conj/Fire      64%        6-21      1%          3
 Dazzling Flash           Conj/Hex       100%       N/A       1%          3
 Iskenderun's Battlesphe  Conj           88%        2d14      1%          5
 Iskenderun's Mystic Bla  Conj/Tloc      64%        2d13      6%          4
 Petrify                  Tmut/Erth      53%        N/A       12%         4
 Freezing Cloud           Conj/Ice/Air   26%        6-21      32%         5
 Blink                    Tloc           30%        N/A       36%         2
 Gell's Gravitas          Tloc           15%        N/A       61%         3
 Lesser Beckoning         Tloc           15%        N/A       61%         3
 Summon Guardian Golem    Hex/Summ       15%        N/A       61%         3
 Teleport Other           Tloc           15%        N/A       61%         3
 Ice Form                 Ice/Tmut       17%        N/A       92%         4
 Summon Lightning Spire   Summ/Air       15%        N/A       95%         4
 Manifold Assault         Tloc           15%        N/A       100%        5
 Metabolic Englaciation   Hex/Ice        7%         N/A       100%        5
 Starburst                Conj/Fire      32%        6d10      61%         6
 Spellforged Servitor     Conj/Summ      32%        N/A       98%         7
 Storm Form               Tmut/Air       8%         N/A       100%        7


Dungeon Overview and Level Annotations

Branches:
Dungeon (15/15)            Temple (1/1) D:7            Lair (0/6) D:11
    Orc (0/2) D:12         Vaults (0/5) D:13         Depths (0/4) D:15
  IceCv (1/1)

Altars:
Ashenzari
Elyvilon
Hepliaklqana
Kikubaaqudgha
Nemelex Xobeh
Okawaru
Qazlal
Ru
Uskayaw
Vehumet
Wu Jian
Xom
Yredelemnul
Zin
The Shining One

Shops:
D:5 (   D:6 (   D:9 [   D:12 *   D:13 !   D:15 ?


Innate Abilities, Weirdness & Mutations

You are immune to sickness and miasma.
Your stone body is resilient. (AC +10)
You are immune to poison.
Your large and strong wings let you fly.
You resist negative energy. (rN+)
You are resistant to electric shocks. (rElec)
You are resistant to unholy torment.
You are immune to petrification.


Message History

The anaconda simulacrum constricts you.
You feel a surge of power!
The stone arrow hits the anaconda simulacrum!
The anaconda simulacrum is heavily damaged.
You block the anaconda simulacrum's attack. x2
The anaconda simulacrum constricts you.
The anaconda simulacrum bites you but does no damage.
You feel a surge of power!
The stone arrow hits the anaconda simulacrum!!
The anaconda simulacrum vaporises!
Vehumet accepts your kill.
You feel your power returning.
You block the anaconda simulacrum's attack.
The anaconda simulacrum completely misses you.
The anaconda simulacrum barely misses you.
You block the anaconda simulacrum's attack.
You feel a surge of power!
The stone arrow hits the anaconda simulacrum!!
The anaconda simulacrum is severely damaged.
You block the anaconda simulacrum's attack. x2
The ettin simulacrum hits you! The ettin simulacrum freezes you! You resist.
The ettin simulacrum hits you!
* * * LOW HITPOINT WARNING * * *
The ettin simulacrum freezes you! You resist.
* * * LOW HITPOINT WARNING * * *
Casting: Stone Arrow (safe; 1% risk of failure)
Confirm with . or Enter, or press ? or * to list all spells.
Aiming: Iron Shot (dangerous; 5% risk of failure)
Press: ? - help, Shift-Dir - straight line, f - ettin simulacrum, p - anaconda simulacrum
Aim: an ettin simulacrum (freezing vapour, 100% to hit)
You feel a surge of power!
The iron shot hits the ettin simulacrum!!!
The ettin simulacrum vaporises!
Vehumet accepts your kill.
You feel your power returning.
You block the anaconda simulacrum's attack. x2
The anaconda simulacrum grabs you. The anaconda simulacrum bites you!
* * * LOW HITPOINT WARNING * * *
The anaconda simulacrum freezes you! You resist.
You die...

$.....:
.....
..... ...
... ##Z##
##ZZ○##
##..@..##
#...∩...#
#.......#
#.......#
#...∩...#
#.......#
#########


You could see an anaconda simulacrum, a dire elephant simulacrum and a golden
dragon simulacrum.

Vanquished Creatures
  A vault guard (D:13)
  2 boulder beetles
  3 hydras
  An ice dragon (D:15)
  A caustic shrike simulacrum (IceCv)
  A death knight (D:13)
  A two-headed ogre (D:14)
  A centaur warrior (D:14)
  2 tengu warriors
  7 death yaks
  Sonja (D:11)
  A wizard (D:13)
  Pikel (D:3)
  The ghost of Kaiern the Shooter, a novice MiHu of Okawaru (D:5)
  3 necromancers (D:13)
  2 deep elf pyromancers (D:13)
  17 ugly things (D:14)
  7 cyclopes
  Maurice (D:12)
  2 manticores (D:14)
  The ghost of Elsvaer the Magician, a novice DECj of Vehumet (D:6)
  2 gargoyles
  Maggie (D:7)
  2 komodo dragons
  An unseen horror (D:11)
  A freezing wraith (D:14)
  A yaktaur (D:14)
  An anaconda simulacrum (IceCv)
  A tengu conjurer (D:13)
  4 trolls
  Grinder (D:4)
  2 dream sheep (D:9)
  Sigmund (D:5)
  20 yaks
  2 wraiths (D:12)
  A spriggan (shapeshifter) (D:11)
  A shadow (D:13)
  20 humans (D:13)
  4 vampire mosquitoes (D:7)
  2 harpy simulacra (IceCv)
  2 wargs (D:12)
  A water moccasin (D:7)
  A sky beast (D:6)
  3 orc warriors
  5 ice beasts
  A black bear (D:5)
  4 ogres
  An ettin simulacrum (IceCv)
  4 necrophages
  4 centaurs
  A lemure (D:4)
  3 kobold brigands (D:9)
  2 wyvern zombies (D:8)
  4 gnoll sergeants
  2 scorpions
  12 killer bees
  8 wights
  6 howler monkeys
  2 electric eels (D:9)
  3 centaur zombies
  4 orc priests
  A centaur skeleton (D:5)
  2 hounds
  A gnoll shaman (D:5)
  Jessica (D:2)
  A bullfrog skeleton (D:7)
  4 iguanas
  12 orc wizards
  2 scorpion zombies (D:4)
  A killer bee zombie (D:7)
  3 hound zombies (D:4)
  A hound skeleton (D:4)
  3 howler monkey zombies
  6 adders
  17 gnolls
  A howler monkey skeleton (D:4)
  A white imp (D:8)
  An ufetubus (D:4)
  An adder skeleton (D:4)
  An adder zombie (D:4)
  4 worms
  2 dart slugs (D:2)
  33 orcs
  6 bats
  11 endoplasms
  2 giant cockroaches
  5 goblins
  4 hobgoblins
  15 jackals
  7 kobolds
  3 quokkas
  3 ball pythons
  5 frilled lizards
  A rat (D:1)
359 creatures vanquished.

Vanquished Creatures (others)
  6 plants (D:5)
  4 withered plants (D:4)
10 creatures vanquished.

Grand Total: 369 creatures vanquished

Notes
Turn   | Place    | Note
-------+----------+-------------------------------------------
     0 | D:1      | Cykl0x the Gargoyle Earth Elementalist began the quest for
                  | the Orb.
     0 | D:1      | Reached XP level 1. HP: 10/10 MP: 3/3
    86 | D:1      | Reached skill level 4 in Earth Magic
   141 | D:1      | Reached XP level 2. HP: 15/15 MP: 3/5
   255 | D:1      | Reached skill level 1 in Conjurations
   436 | D:1      | Reached XP level 3. HP: 19/19 MP: 4/6
   443 | D:1      | Learned a level 3 spell: Stone Arrow
  1301 | D:2      | Noticed Jessica
  1303 | D:2      | Killed Jessica
  1304 | D:2      | Reached XP level 4. HP: 24/24 MP: 0/8
  1535 | D:2      | Reached skill level 5 in Earth Magic
  1876 | D:2      | Reached XP level 5. HP: 28/28 MP: 6/9
  3063 | D:3      | Found an ancient bone altar of Kikubaaqudgha.
  3438 | D:4      | Noticed a lemure
  3439 | D:4      | Noticed a lemure
  3440 | D:4      | Noticed Pikel
  3443 | D:4      | Noticed a lemure
  3445 | D:4      | Reached XP level 6. HP: 27/32 MP: 4/11
  3513 | D:3      | Killed Pikel
  3514 | D:3      | Reached skill level 7 in Earth Magic
  3514 | D:3      | Reached XP level 7. HP: 30/37 MP: 0/14
  3745 | D:4      | Reached skill level 5 in Spellcasting
  3820 | D:4      | Noticed Grinder
  3835 | D:4      | Killed Grinder
  3836 | D:4      | Reached skill level 1 in Evocations
  3836 | D:4      | Reached XP level 8. HP: 22/42 MP: 0/16
  4257 | D:5      | Entered Level 5 of the Dungeon
  4282 | D:5      | Identified the +7 trident "Sorre" {pain, rCorr}
  4282 | D:5      | Identified the +0 kite shield of the Sky {Fly}
  4398 | D:5      | Reached skill level 1 in Fighting
  4570 | D:5      | Noticed Sigmund
  4574 | D:5      | Killed Sigmund
  4703 | D:5      | Found a basalt altar of Yredelemnul.
  5101 | D:4      | Found a glowing silver altar of Zin.
  5102 | D:4      | Found a white marble altar of Elyvilon.
  5103 | D:4      | Found a glowing golden altar of the Shining One.
  5222 | D:4      | Reached skill level 5 in Conjurations
  5843 | D:5      | Got Kazesocy's Guide on the Frostbite
  5889 | D:5      | Noticed Kaiern's ghost (novice MiHu)
  5902 | D:5      | Found a transporter.
  5902 | D:5      | Found a transporter.
  5912 | D:5      | Identified the ring "Otebudi" {rCorr MP+9 Str+6 Int+2
                  | Slay+3}
  5976 | D:5      | Found Rifushah's Weapon Boutique.
  5978 | D:5      | Reached XP level 9. HP: 49/49 MP: 11/18
  6213 | D:5      | Reached skill level 8 in Earth Magic
  6357 | D:6      | Reached skill level 1 in Armour
  6936 | D:6      | Noticed Elsvaer's ghost (novice DECj)
  6944 | D:6      | Learned a level 6 spell: Iron Shot
  6946 | D:6      | Found a runed translucent door.
  6953 | D:6      | Reached skill level 1 in Shields
  7068 | D:6      | Killed Elsvaer's ghost
  7524 | D:6      | Found Nas Amar's Antique Weapon Emporium.
  7769 | D:6      | Reached XP level 10. HP: 58/58 MP: 6/19
  7771 | D:6      | Reached skill level 5 in Fighting
  8034 | D:7      | Noticed Maggie
  8337 | D:7      | Killed Maggie
  8561 | D:7      | Found a sparkling altar of Nemelex Xobeh.
  8572 | D:7      | Reached skill level 9 in Earth Magic
  8651 | D:7      | Found a broken altar of Ashenzari.
  8668 | D:7      | Found a staircase to the Ecumenical Temple.
  8711 | Temple   | Entered the Ecumenical Temple
  8737 | Temple   | Became a worshipper of Vehumet
  9201 | D:5      | Killed Kaiern's ghost
  9460 | D:7      | Reached * piety under Vehumet
  9460 | D:7      | Offered knowledge of Freeze by Vehumet.
  9461 | D:7      | Reached skill level 5 in Evocations
  9468 | D:7      | Found a hide-covered altar of Uskayaw.
  9493 | D:7      | Reached skill level 1 in Staves
  9493 | D:7      | Reached XP level 11. HP: 64/64 MP: 21/21
 10364 | D:8      | Identified the +5 kite shield of Hysteria {rF+ Str+6}
 10570 | D:9      | Found Lahom's Armour Boutique.
 10709 | D:9      | Noticed a cyclops
 10712 | D:9      | Killed a cyclops
 10922 | D:9      | Reached skill level 10 in Earth Magic
 10985 | D:9      | Noticed a two-headed hydra
 10990 | D:9      | Killed a two-headed hydra
 11271 | D:10     | Entered Level 10 of the Dungeon
 11274 | D:10     | Found an iron altar of Okawaru.
 11503 | D:10     | Reached ** piety under Vehumet
 11508 | D:10     | Offered knowledge of Scorch by Vehumet.
 11968 | D:10     | Noticed a cyclops
 11970 | D:10     | Killed a cyclops
 12348 | D:11     | Noticed a death yak
 12351 | D:11     | Noticed a death yak
 12359 | D:11     | Killed a death yak
 12369 | D:11     | Killed a death yak
 12370 | D:11     | Reached skill level 11 in Earth Magic
 12376 | D:11     | Noticed a death yak
 12377 | D:11     | Noticed a death yak
 12377 | D:11     | Noticed a death yak
 12390 | D:11     | Noticed a death yak
 12391 | D:11     | Noticed a death yak
 12392 | D:11     | Killed a death yak
 12393 | D:11     | Reached XP level 12. HP: 59/73 MP: 16/24
 12411 | D:11     | Killed a death yak
 12422 | D:11     | Killed a death yak
 12455 | D:10     | HP: 1/73 [death yak (17)]
 12516 | D:10     | Killed a death yak
 12854 | D:11     | Noticed Sonja
 12861 | D:11     | Killed Sonja
 13060 | D:11     | Found a staircase to the Lair.
 13287 | D:11     | Killed a death yak
 13288 | D:11     | Reached skill level 12 in Earth Magic
 13406 | D:11     | Offered knowledge of Ignite Poison by Vehumet.
 13562 | D:12     | Identified the +2 leather armour "Vaidous" {Harm}
 13564 | D:12     | Noticed Maurice
 13570 | D:12     | Killed Maurice
 13634 | D:12     | Noticed a boulder beetle
 13638 | D:12     | Found a staircase to the Orcish Mines.
 13653 | D:12     | Killed a boulder beetle
 13783 | D:12     | Found Zin's Purification Station.
 13783 | D:12     | Found a glowing silver altar of Zin.
 14048 | D:12     | Reached *** piety under Vehumet
 14311 | D:12     | Learned a level 7 spell: Orb of Destruction
 14419 | D:13     | Reached skill level 10 in Conjurations
 14645 | D:13     | Noticed a tengu warrior
 14650 | D:13     | Killed a tengu warrior
 14651 | D:13     | Reached skill level 10 in Spellcasting
 14742 | D:13     | Noticed a death knight
 14754 | D:13     | Killed a death knight
 14755 | D:13     | Reached XP level 13. HP: 68/80 MP: 4/27
 14897 | D:13     | Found Wuxtooj's Distillery.
 14938 | D:13     | Bought a potion of heal wounds for 75 gold pieces
 14938 | D:13     | Bought a potion of curing for 45 gold pieces
 14938 | D:13     | Bought 2 potions of heal wounds for 150 gold pieces
 14938 | D:13     | Bought a potion of mutation for 120 gold pieces
 15284 | D:13     | Reached skill level 5 in Shields
 15337 | D:13     | Offered knowledge of Sticky Flame by Vehumet.
 15386 | D:13     | Reached skill level 13 in Earth Magic
 15604 | D:13     | Found a gate to the Vaults.
 15604 | D:13     | Noticed a vault guard
 15614 | D:13     | Killed a vault guard
 15637 | D:13     | Reached **** piety under Vehumet
 15854 | D:13     | Identified a scroll of acquirement
 15854 | D:13     | Acquired Cykl0x's Almanac of Gliding Confrontation
 15865 | D:13     | Learned a level 8 spell: Lehudib's Crystal Spear
 15870 | D:13     | Learned a level 4 spell: Fulminant Prism
 15873 | D:13     | Learned a level 2 spell: Searing Ray
 15952 | D:14     | Offered knowledge of Lightning Bolt by Vehumet.
 16510 | D:14     | Reached skill level 10 in Fighting
 16558 | D:14     | Gained mutation: Your large and strong wings let you fly.
                  | [Gargoyle growth]
 16558 | D:14     | Reached XP level 14. HP: 66/88 MP: 10/29
 17079 | D:15     | Entered Level 15 of the Dungeon
 17109 | D:15     | Found Yfisitt's Magic Scroll Shop.
 17139 | D:15     | Found a frozen archway.
 17146 | D:15     | Reached skill level 14 in Earth Magic
 17160 | IceCv    | Entered an ice cave
 17169 | IceCv    | Slain by an anaconda simulacrum

Illustrated notes

Levels and vault maps discovered:
D:1:      heliophobic_arrival_enchanted_forest, layout_rooms
D:2:      layout_loops_ring, uniq_jessica
D:3:      layout_basic, mainiacjoe_overflow_alcove_4, hex_large
D:4:      layout_loops_cross, good_gods_temple_1, serial_undead,
          serial_undead_f, serial_undead_f, serial_undead_b, serial_undead_a,
          serial_undead_e, serial_undead_e, uniq_pikel, uniq_grinder
D:5:      layout_basic, mainiacjoe_overflow_boulevard,
          gammafunk_ghost_gnarly_gnolls, serial_shops, shop, uniq_sigmund
D:6:      layout_loops_corners, hellmonk_ghost_happy_afterlife, serial_shops,
          shop
D:7:      layout_basic, nicolae_ashenzari_panopticon,
          mainiacjoe_overflow_surrounded_room, nemelex_dance_club_becter,
          minmay_temple_entry_slanted, uniq_maggie
D:8:      layout_loops_ring, kennysheep_generic_room_12
D:9:      layout_cave_pools, serial_shops, shop_fountains, serial_park,
          serial_park_gazebo [serial_park_minivault_5x5_4],
          serial_park_tiny_pond, serial_park_fountain, serial_park_tiny_pond,
          hangedman_ranch
D:10:     layout_loops_ring, okawaru_metal_pillars_3
D:11:     layout_loops_ring, dpeg_lair_monsters, uniq_sonja
D:12:     layout_long_grid, david_orc_3, zin_purify, uniq_maurice
D:13:     layout_roguey, grunt_vaults_entry_tiered, serial_shops,
          nicolae_shop_waterfront, minmay_holes
D:14:     layout_loops_ring
D:15:     gammafunk_enter_depths_forms, layout_rooms,
          portal_ice_cave_entry_dragon, serial_shops, shop_fountains
Temple:   nicolae_temple_god_jail
IceCv:    ice_cave_statue_garden_chambered

Skill      XL: |  1  2  3  4  5  6  7  8  9 10 11 12 13 14 |
---------------+-------------------------------------------+-----
Earth Magic    | 4 5 7 8 9 11 12 13 14 | 14.0
Conjurations   | 1 2 3 4 5 6 8 9 10 11 | 11.9
Spellcasting   | 3 4 5 6 7 8 10 11 | 11.5
Dodging        | 2 3 4 |  4.3
Evocations     | 1 2 3 5 |  5.3
Fighting       | 2 4 6 7 8 10 | 10.2
Armour         | 2 3 4 |  4.0
Shields        | 1 3 4 6 |  6.4
Staves         | 1 2 |  2.6
Maces & Flails | |  0.7
Stealth        | |  2.1
Transmutations | |  0.7

Action                   |  1- 3 |  4- 6 |  7- 9 | 10-12 | 13-15 || total
-------------------------+-------+-------+-------+-------+-------++-------
Melee: Unarmed           |     9 |       |       |       |       ||     9
       Club              |     3 |       |       |       |       ||     3
       Whip              |    14 |     5 |       |       |       ||    19
       Staff             |       |     4 |    82 |    98 |    76 ||   260
       Punch             |       |       |     4 |       |       ||     4
 Cast: Sandblast         |    41 |    35 |    10 |   255 |    72 ||   413
       Stone Arrow       |     7 |    22 |    92 |   120 |    58 ||   299
       Iron Shot         |       |       |       |    18 |    30 ||    48
       Orb of Destructio |       |       |       |       |     3 ||     3
       Searing Ray       |       |       |       |       |     5 ||     5
Evoke: Wand              |       |       |       |    13 |     6 ||    19
  Use: Scroll            |     2 |     7 |     8 |     8 |     3 ||    28
       Potion            |       |       |     1 |     4 |       ||     5
 Stab: Paralysed         |       |       |       |     9 |    13 ||    22
Armor: Robe              |    23 |     9 |    22 |       |       ||    54
       Troll leather arm |       |       |    13 |    93 |    43 ||   149
       Ice dragon scales |       |       |       |       |     2 ||     2
Dodge: Dodged            |    31 |    16 |    63 |    81 |    51 ||   242
Block: Kite shield       |       |       |    39 |   208 |   162 ||   409
       Reflection        |       |       |     2 |     8 |     5 ||    15
